cohdb
Replays
Latest Replays
All Replays
Popular Replays
Top Player Replays
Match Explorer
How It Works
Community
CoH3 Stats
Reddit
Sign in to upload your games and track your stats! →
Sign in with Steam
Match 42660569
Unlisted
Match 42660569
Overview
Messages
Build Orders
End
Royal Engineer Section
Vickers Machine Gun Team
Construct Section Command Post
Infantry Section
Infantry Section
Infantry Section
Infantry Section
Selects Indian Artillery Battlegroup
Selects Indian Artillery Battlegroup
Selects Indian Artillery Battlegroup
Selects Artillery Saturation
Selects War Cry
Construct Platoon Command Post
CMP 15cwt Truck
Selects Off-map Airburst Barrage
Construct Company Command Post
Off-map Airburst Barrage
Unlock M3 Grant Medium Tanks
Off-map Airburst Barrage
M3 Grant Medium Tank
-{CAA}- Nescafee
-{CAA}- Akvavi
Fredsch
McVodka
Protein
titimu7
0
0
Comments
sign in to comment!
No comments posted yet!